 Dungeon Crawl Stone Soup version 0.31-a0-216-g22e908daa7 (webtiles) character file.

Game seed: 14230677999754978459

158336 Gargoyl the Warrior (level 17, -2/116 HPs)
             Began as a Gargoyle Berserker on July 2, 2023.
             Was a High Priest of Trog.
             Slain by a naga warrior
             ... wielding a +0 dire flail
              (3 damage)
             ... on level 4 of the Snake Pit.
             The game lasted 00:46:02 (25629 turns).

Gargoyl the Warrior (Gargoyle Berserker)           Turns: 25629, Time: 00:46:03

Health: -2/116     AC: 29    Str: 22    XL:     17   Next: 71%
Magic:  0/17       EV: 14    Int:  9    God:    Trog [*****.]
Gold:   2200       SH: 11    Dex: 15    Spells: 16/16 levels left

rFire   + . .        a - +6 hand axe (venom)
rCold   . . .        m - +0 kite shield {reflect}
rNeg    + . .        O - +3 troll leather armour {Snorg}
rPois   ∞            (no helmet)
rElec   +            q - +2 cloak {rPois}
rCorr   .            b - +2 pair of gloves
SInv    .            f - +0 pair of boots
Will    ++++.        z - amulet of guardian spirit
Stlth   +++          D - ring of protection from fire
HPRegen 2.19/turn    I - ring of willpower
MPRegen 0.15/turn

%: reflection, guardian spirit
@: strong-willed (expiring), on berserk cooldown, flying, regenerating
(expiring), slowed, constricted, unable to read, very slow
A: sickness immunity, AC +12, big wings, negative energy resistance 1,
electricity resistance, torment resistance 1, petrification resistance, sense
surroundings 1, inability to read after injury 1
a: Renounce Religion, Berserk, Trog's Hand, Brothers in Arms


You were on level 4 of the Snake Pit.
You worshipped Trog.
Trog was extremely pleased with you.
You visited 4 branches of the dungeon, and saw 26 of its levels.
You also visited: Sewer and Volcano.

You collected 2578 gold pieces.
You spent 378 gold pieces at shops.

Inventory:

Hand Weapons
 a - a +6 hand axe of venom (weapon)
 n - a +2 executioner's axe of flaming
 r - a +5 double sword
 v - a +3 scimitar of flaming
Missiles
 i - 51 poisoned darts (quivered)
 p - a throwing net
Armour
 b - a +2 pair of gloves (worn)
 f - a +0 pair of boots (worn)
 m - a +0 kite shield of reflection (worn)
 q - a +2 cloak of poison resistance (worn)
 t - a +0 helmet
 O - a +3 troll leather armour (worn) {Snorg}
Jewellery
 z - an amulet of guardian spirit (around neck)
 D - a ring of protection from fire (left hand)
 I - a ring of willpower (right hand)
 N - an amulet of regeneration
Wands
 d - a wand of digging (12)
 s - a wand of paralysis (22)
 w - a wand of roots (21)
 H - a wand of flame (43)
 K - a wand of quicksilver (2)
 L - a wand of mindburst (9)
 M - a wand of polymorph (9)
Scrolls
 g - 3 scrolls of teleportation
 k - 2 scrolls of silence
 u - 5 scrolls of summoning
 y - a scroll of acquirement {unknown}
 A - 9 scrolls of identify
 E - 2 scrolls of poison
 F - 4 scrolls of revelation
 G - 3 scrolls of fog
 J - 2 scrolls of blinking
 Q - a scroll of enchant weapon
Potions
 c - a potion of berserk rage
 e - 8 potions of haste
 h - 5 potions of might
 j - 5 potions of curing
 l - 4 potions of magic
 o - 5 potions of resistance
 x - 3 potions of ambrosia
 B - 4 potions of cancellation
 C - 3 potions of lignification


   Skills:
 + Level 16.6 Fighting
 + Level 0.8 Long Blades
 + Level 15.1(16.8) Axes
 + Level 12.5(15.6) Polearms
 + Level 0.9 Throwing
 + Level 7.6 Armour
 + Level 12.1 Dodging
 + Level 7.3 Stealth
 + Level 9.5 Shields


You had 16 spell levels left.
You didn't know any spells.
Your spell library was empty.

Dungeon Overview and Level Annotations

Branches:
Dungeon (15/15)            Temple (0/1) D:4            Lair (5/5) D:10
 Shoals (0/4) Lair:3        Snake (4/4) Lair:3        Slime (0/5) Lair:4
    Orc (2/2) D:9             Elf (0/3) Orc:2        Vaults (0/5) D:13
 Depths (0/4) D:15          Sewer (visited)         Volcano (visited)

Altars:
Ashenzari
Cheibriados
Hepliaklqana
Nemelex Xobeh
Okawaru
Ru
Wu Jian
Jiyva

Shops:
D:1 =   Orc:2 (*=!   Snake:3 *(!

Portals:
Pandemonium: Orc:2

Annotations:
D:10 1 runed translucent door


Innate Abilities, Weirdness & Mutations

You are immune to sickness and miasma.
Your stone body is resilient. (AC +12)
You are immune to poison.
Your large and strong wings let you fly.
You resist negative energy. (rN+)
You are resistant to electric shocks. (rElec)
You are resistant to unholy torment.
You are immune to petrification.
You passively map a small area around you.
You occasionally lose the ability to read scrolls when taking damage.


Message History

The naga warrior goes into a battle-frenzy!
The naga hits you with a +0 scimitar!!
The naga warrior hits you with a +0 dire flail!!
* * * LOW HITPOINT WARNING * * *
The naga warrior constricts you. You block the naga's attack.
You feel much better. The naga spits poison at you.
Your +0 kite shield of reflection blocks the splash of poison... and reflects it back!
The splash of poison hits the naga.
The naga completely resists.
The naga warrior hits you but does no damage.
The naga hits you with a +0 scimitar!!
* * * LOW HITPOINT WARNING * * *
The naga misses you.
The naga warrior hits you but does no damage.
The naga warrior constricts you. You block the naga's attack.
You feel much better.
The naga warrior no longer looks unusually strong.
You block the naga's attack. You block the naga warrior's attack.
You block the naga's attack. You block the naga warrior's attack.
The naga warrior constricts you. The naga hits you with a +0 long sword!
* * * LOW HITPOINT WARNING * * *
The naga warrior hits you with a +2 hand axe of freezing!
* * * LOW HITPOINT WARNING * * *
The naga warrior freezes you.
* * * LOW HITPOINT WARNING * * *
The naga barely misses you. The naga misses you.
The naga warrior roars a battlecry!
The naga warrior goes into a battle-frenzy!
The naga warrior constricts you.
* * * LOW HITPOINT WARNING * * *
You cannot read scrolls in your current state!
You feel better. The naga hits you with a +0 long sword.
* * * LOW HITPOINT WARNING * * *
The naga warrior hits you with a +2 hand axe of freezing!
* * * LOW HITPOINT WARNING * * *
The naga warrior freezes you.
* * * LOW HITPOINT WARNING * * *
The naga barely misses you. x2
The naga warrior hits you with a +0 dire flail.
You die...

, ..### , .... ,
**...### *** ...#). ,
###...## ...#.. *
###...#..######......
####.....##.............
.#..†...................
.#...).###...#.).#...##
......###....##)N.....#
.......##.....))@NN...#
...............#NN....#
...#####..........###..#
...# .....#......# * .#
#..# ,.....#...[..#,, .
##.. ,.. #####.... ** ,
.... . , ....## , ,...:,
#...# , , ....# * , ,


You could see 2 naga warriors and 3 nagas.

Vanquished Creatures
  Donald (Orc:2)
  A nagaraja (Snake:4)
  An orc warlord (Orc:1)
  Azrael (D:14)
  Snorg (D:10)
  Erolcha (D:9)
  A salamander tyrant (Snake:3)
  3 vault guards (D:13)
  8 hydras
  4 catoblepae
  3 demonspawn (Orc:2)
  An ogre mage (D:15)
  An anaconda (Snake:4)
  7 centaur warriors
  A death knight (D:14)
  3 boulder beetles (D:14)
  Erica (Orc:1)
  4 naga warriors
  7 death yaks (Lair:5)
  7 two-headed ogres
  2 tengu warriors (D:15)
  2 naga sharpshooters
  3 shock serpents
  Urug (D:10)
  4 orc high priests (Orc:2)
  A storm dragon zombie (D:15)
  The ghost of ciphuk the Grappler, a novice TrMo of Ru (D:8)
  A skyshark (Lair:2)
  3 salamander mystics
  6 skeletal warriors
  6 sea snakes (Snake:2)
  2 naga ritualists
  Pikel (D:4)
  A phantasmal warrior (D:14)
  A necromancer (D:15)
  8 orc knights
  2 fire giant zombies (D:15)
  2 deep elf pyromancers
  8 mana vipers
  8 ugly things
  8 orc sorcerers
  2 wolf spiders (D:10)
  10 cyclopes
  6 manticores
  10 salamanders
  11 elephants
  A guardian serpent (Snake:4)
  A rust devil (Orc:2)
  4 molten gargoyles (Volcano)
  35 black mambas
  9 naga magi
  2 gargoyles
  A cane toad (shapeshifter) (D:14)
  2 torpor snails
  Maggie (D:9)
  17 cane toads
  An efreet (D:15)
  5 rime drakes
  13 komodo dragons
  A yaktaur (D:14)
  2 unseen horrors (D:12)
  The ghost of Sphaat the Cudgeller, a novice GrFi (D:5)
  A tengu conjurer (D:15)
  A queen bee (shapeshifter) (D:15)
  7 polar bears
  2 trolls
  A hornet (D:10)
  4 dream sheep (Lair:4)
  A spriggan zombie (D:15)
  A hellwing (Orc:2)
  A snapping turtle (Lair:3)
  15 blink frogs
  Sigmund (D:4)
  A spriggan (Lair:4)
  12 slime creatures
  3 wraiths
  4 ynoxinuls (Orc:2)
  A centaur simulacrum (D:15)
  47 yaks
  7 basilisks
  6 redbacks (D:10)
  4 fire elementals (D:14)
  4 wyverns
  9 humans (D:13)
  3 fire bats (Lair:4)
  A steam dragon (Lair:3)
  Eustachio (D:4)
  6 vampire mosquitoes
  26 nagas
  4 hell hounds (D:14)
  4 wargs
  3 acid dragons
  28 water moccasins
  Duvessa (D:4)
  4 ice beasts
  30 orc warriors
  Pargi (Sewer)
  9 black bears
  10 ogres
  8 wolves
  11 centaurs
  10 bullfrogs
  5 kobold brigands
  A gnoll sergeant (D:12)
  4 scorpions
  3 wights (D:4)
  Dowan (D:4)
  7 killer bees (D:10)
  7 electric eels
  11 howler monkeys
  3 lava snakes (D:8)
  2 jellies (Lair:4)
  2 gnoll boudas
  A hound (D:6)
  25 orc priests
  A sleepcap (D:6)
  4 iguanas
  11 orc wizards
  7 hell rats (Lair:4)
  A mummy (D:7)
  Robin (D:3)
  9 adders
  17 gnolls
  2 white imps (D:6)
  5 worms
  3 dart slugs
  81 orcs
  8 bats
  11 endoplasms
  A giant cockroach (D:3)
  15 goblins
  10 hobgoblins
  13 jackals
  2 quokkas
  9 ball pythons
  30 kobolds
  5 rats
  A spectral orc (D:11)
875 creatures vanquished.

Vanquished Creatures (collateral kills)
  A red draconian (Volcano)
  A catoblepas (Lair:3)
  A shock serpent (Snake:2)
  2 skeletal warriors (D:13)
  A sea snake (Snake:2)
  2 mana vipers (Snake:2)
  A manticore (D:13)
  A salamander (Snake:2)
  2 komodo dragons (Lair:3)
  6 yaks (Lair:3)
  2 nagas (Snake:2)
  A water moccasin (Lair:3)
  4 orc warriors
  A black bear (Lair:3)
  A wolf (Lair:3)
  A bullfrog (Lair:3)
  An electric eel (Snake:2)
  2 orc priests (Orc:2)
  An orc wizard (Orc:1)
  2 orcs (Orc:1)
34 creatures vanquished.

Vanquished Creatures (others)
  A catoblepas (Lair:5)
  Maurice (D:11)
  A yak (Lair:5)
  A kobold (D:9)
4 creatures vanquished.

Grand Total: 913 creatures vanquished

Notes
Turn   | Place    | Note
-------+----------+-------------------------------------------
     0 | D:1      | Gargoyl the Gargoyle Berserker began the quest for the Orb.
     0 | D:1      | Reached XP level 1. HP: 14/14 MP: 1/1
   249 | D:1      | Reached XP level 2. HP: 17/19 MP: 2/2
   382 | D:1      | Reached XP level 3. HP: 17/24 MP: 3/3
   622 | D:1      | Found Cuem's Jewellery Shop.
   795 | D:2      | Reached skill level 4 in Fighting
   908 | D:2      | Reached XP level 4. HP: 26/29 MP: 4/4
   917 | D:2      | Reached ** piety under Trog
  1199 | D:2      | Found a hazy altar of Hepliaklqana.
  1373 | D:2      | Noticed a black bear
  1383 | D:2      | Killed a black bear
  1384 | D:2      | Reached XP level 5. HP: 18/34 MP: 5/5
  2102 | D:3      | Reached XP level 6. HP: 39/39 MP: 6/6
  2300 | D:3      | Noticed Robin
  2311 | D:3      | Killed Robin
  2313 | D:3      | Reached *** piety under Trog
  2485 | D:4      | Gained mutation: You passively map a small area around you.
                  | [potion of mutation]
  2532 | D:4      | Found a sparkling altar of Nemelex Xobeh.
  2557 | D:4      | Noticed Pikel
  2573 | D:4      | Killed Pikel
  2574 | D:4      | Reached skill level 5 in Fighting
  2574 | D:4      | Reached skill level 1 in Stealth
  2574 | D:4      | Reached XP level 7. HP: 44/44 MP: 7/7
  2681 | D:4      | Reached XP level 8. HP: 20/50 MP: 8/8
  2835 | D:4      | Noticed Duvessa
  2835 | D:4      | Noticed Dowan
  2849 | D:4      | Killed Duvessa
  2858 | D:4      | Killed Dowan
  2981 | D:4      | Found a broken altar of Ashenzari.
  3290 | D:4      | Noticed Sigmund
  3300 | D:4      | Killed Sigmund
  3301 | D:4      | Reached skill level 6 in Fighting
  3319 | D:4      | Noticed Eustachio
  3328 | D:4      | Killed Eustachio
  3470 | D:4      | Found a staircase to the Ecumenical Temple.
  3811 | D:5      | Entered Level 5 of the Dungeon
  3811 | D:5      | Found a glowing drain.
  3843 | Sewer    | Entered a sewer
  3846 | Sewer    | Noticed Pargi
  3858 | Sewer    | Killed Pargi
  3890 | Sewer    | Reached skill level 1 in Polearms
  4065 | D:5      | Reached XP level 9. HP: 56/56 MP: 9/9
  4425 | D:5      | Noticed Sphaat's ghost (novice GrFi)
  4437 | D:5      | Found a transporter.
  4490 | D:5      | Found a transporter.
  4871 | D:5      | Killed Sphaat's ghost
  5119 | D:6      | Reached skill level 7 in Fighting
  5169 | D:6      | Reached skill level 5 in Polearms
  5598 | D:7      | Reached skill level 5 in Dodging
  5795 | D:7      | Found a snail-covered altar of Cheibriados.
  5806 | D:7      | Reached XP level 10. HP: 63/63 MP: 10/10
  5840 | D:7      | Noticed a cyclops
  5847 | D:7      | Killed a cyclops
  5939 | D:7      | Reached **** piety under Trog
  6722 | D:8      | Reached skill level 8 in Fighting
  6734 | D:8      | Noticed a manticore
  6753 | D:8      | Killed a manticore
  6785 | D:8      | Noticed a centaur warrior
  6799 | D:8      | Killed a centaur warrior
  6857 | D:8      | Reached XP level 11. HP: 63/69 MP: 11/11
  6915 | D:8      | Found a sacrificial altar of Ru.
  6945 | D:8      | Noticed a two-headed ogre
  6954 | D:8      | Killed a two-headed ogre
  7051 | D:8      | Found a runed translucent door.
  7052 | D:8      | Noticed ciphuk's ghost (novice TrMo)
  7623 | D:8      | Killed ciphuk's ghost
  7624 | D:8      | Reached skill level 5 in Armour
  7806 | D:9      | Found a staircase to the Orcish Mines.
  7854 | D:9      | Noticed Maggie
  7854 | D:9      | Noticed Erolcha
  7859 | D:9      | Killed Erolcha
  7868 | D:9      | Killed Maggie
  8064 | D:9      | Reached skill level 9 in Fighting
  8077 | D:9      | Reached ***** piety under Trog
  8081 | D:9      | Reached skill level 10 in Polearms
  8357 | D:9      | Found an ornate altar of the Wu Jian Council.
  8556 | D:10     | Entered Level 10 of the Dungeon
  8590 | D:10     | Noticed Snorg
  8616 | D:10     | Killed Snorg
  8665 | D:10     | Found a staircase to the Lair.
  8777 | D:10     | Noticed Urug
  8792 | D:10     | Killed Urug
  8867 | D:10     | Noticed a two-headed ogre
  8880 | D:10     | Killed a two-headed ogre
  8908 | D:10     | Noticed a wolf spider
  8921 | D:10     | Found a runed translucent gate.
  8921 | D:10     | Found a runed translucent gate.
  8922 | D:10     | Noticed a wolf spider
  8923 | D:10     | Found a runed translucent gate.
  8931 | D:10     | Found a runed translucent door.
  8939 | D:10     | Found the +9 staff of Olgreb {rPois∞}
  8944 | D:10     | Found a runed translucent door.
  9187 | D:10     | Killed a wolf spider
  9188 | D:10     | Reached XP level 12. HP: 76/76 MP: 12/12
  9263 | D:10     | Reached skill level 10 in Fighting
  9347 | Lair:1   | Entered Level 1 of the Lair of Beasts
  9683 | Lair:1   | Reached skill level 5 in Stealth
  9758 | Lair:1   | Noticed a catoblepas
  9804 | Lair:1   | Killed a catoblepas
 10427 | Lair:2   | Found an iron altar of Okawaru.
 10456 | Lair:2   | Noticed a four-headed hydra
 10940 | Lair:2   | Killed a one-headed hydra
 10941 | Lair:2   | Reached skill level 11 in Fighting
 10941 | Lair:2   | Reached XP level 13. HP: 74/84 MP: 10/13
 12249 | Lair:3   | Found a staircase to the Snake Pit.
 12279 | Lair:3   | Reached skill level 10 in Axes
 12449 | Lair:3   | Reached skill level 12 in Fighting
 12762 | Lair:3   | Gained mutation: Your large and strong wings let you fly.
                  | [Gargoyle growth]
 12762 | Lair:3   | Reached XP level 14. HP: 92/92 MP: 14/14
 13048 | Lair:3   | Found a staircase to the Shoals.
 13310 | Lair:4   | Found a viscous altar of Jiyva.
 13594 | Lair:4   | Found a dark tunnel.
 13607 | Volcano  | Entered a volcano
 13732 | Volcano  | Noticed an orb of fire
 13741 | Volcano  | Noticed a red draconian
 13773 | Volcano  | Killed a red draconian
 13889 | Volcano  | Noticed an orb of fire
 14401 | Lair:4   | Found a staircase to the Slime Pits.
 14564 | Lair:5   | Entered Level 5 of the Lair of Beasts
 14643 | Lair:5   | Reached skill level 13 in Fighting
 15157 | Lair:5   | Reached XP level 15. HP: 92/99 MP: 6/15
 16339 | Orc:1    | Entered Level 1 of the Orcish Mines
 16346 | Orc:1    | Noticed an orc warlord
 16356 | Orc:1    | Reached skill level 14 in Fighting
 16377 | Orc:1    | Killed an orc warlord
 16635 | Orc:2    | Entered Level 2 of the Orcish Mines
 16805 | Orc:2    | Noticed Donald
 16853 | Orc:2    | Killed Donald
 17001 | Orc:2    | Found Pakkouf's Distillery.
 17002 | Orc:2    | Found Nyaxkoun's General Store.
 17044 | Orc:2    | Found a staircase to the Elven Halls.
 17050 | Orc:1    | Noticed Erica
 17068 | Orc:1    | Received a gift from Trog
 17078 | Orc:1    | Killed Erica
 17578 | Orc:2    | Reached skill level 10 in Dodging
 17623 | Orc:2    | Reached skill level 1 in Shields
 17625 | Orc:2    | HP: 1/101 [orc warrior/+0 glaive (11)]
 18291 | Orc:2    | Paralysed by an orc sorcerer for 3 turns
 18309 | Orc:2    | Found Vusov's Antique Weapon Emporium.
 18309 | Orc:2    | Found Waeneng's Jewellery Shoppe.
 18310 | Orc:2    | Found a one-way gate leading to the halls of Pandemonium.
 18692 | D:11     | Noticed Maurice
 18707 | D:11     | Killed Maurice
 18822 | D:11     | Lost mutation: You passively map a small area around you.
                  | [potion of mutation]
 18822 | D:11     | Gained mutation: You have a pair of small antennae on your
                  | head. [potion of mutation]
 18823 | D:11     | Lost mutation: You have a pair of small antennae on your
                  | head. [potion of mutation]
 18823 | D:11     | Gained mutation: You have sharp toenails. [potion of
                  | mutation]
 18824 | D:11     | Lost mutation: You have sharp toenails. [potion of
                  | mutation]
 18824 | D:11     | Gained mutation: You occasionally lose the ability to read
                  | scrolls when taking damage. [potion of mutation]
 18824 | D:11     | Gained mutation: You have a pair of small antennae on your
                  | head. [potion of mutation]
 18824 | D:11     | Gained mutation: You possess an exceptional clarity of
                  | mind. [potion of mutation]
 18825 | D:11     | Lost mutation: You have a pair of small antennae on your
                  | head. [potion of mutation]
 18825 | D:11     | Lost mutation: You possess an exceptional clarity of mind.
                  | [potion of mutation]
 18825 | D:11     | Gained mutation: You are strong-willed. (Will+) [potion of
                  | mutation]
 18825 | D:11     | Gained mutation: A frigid envelope surrounds you and
                  | freezes all who hurt you. [potion of mutation]
 18825 | D:11     | Gained mutation: Armour fits poorly on your strangely
                  | shaped body. [potion of mutation]
 18825 | D:11     | Gained mutation: Your spells are a little harder to cast,
                  | but a little more powerful. [potion of mutation]
 18826 | D:11     | Lost mutation: Armour fits poorly on your strangely shaped
                  | body. [potion of mutation]
 18826 | D:11     | Lost mutation: Your spells are a little harder to cast, but
                  | a little more powerful. [potion of mutation]
 18826 | D:11     | Gained mutation: You sometimes lose your temper in combat.
                  | [potion of mutation]
 18826 | D:11     | Gained mutation: Your body sometimes deteriorates upon
                  | taking damage. [potion of mutation]
 18827 | D:11     | Lost mutation: You are strong-willed. (Will+) [potion of
                  | mutation]
 18827 | D:11     | Lost mutation: You occasionally lose the ability to read
                  | scrolls when taking damage. [potion of mutation]
 18827 | D:11     | Lost mutation: A frigid envelope surrounds you and freezes
                  | all who hurt you. [potion of mutation]
 18827 | D:11     | Gained mutation: You passively map a small area around you.
                  | [potion of mutation]
 18828 | D:11     | Lost mutation: Your body sometimes deteriorates upon taking
                  | damage. [potion of mutation]
 18828 | D:11     | Lost mutation: You passively map a small area around you.
                  | [potion of mutation]
 18828 | D:11     | Lost mutation: You sometimes lose your temper in combat.
                  | [potion of mutation]
 18828 | D:11     | Gained mutation: You occasionally lose the ability to read
                  | scrolls when taking damage. [potion of mutation]
 18828 | D:11     | Gained mutation: You passively map a small area around you.
                  | [potion of mutation]
 18916 | D:11     | Found a hazy altar of Hepliaklqana.
 19599 | D:13     | Reached XP level 16. HP: 35/107 MP: 3/16
 20049 | D:13     | Reached skill level 15 in Fighting
 20068 | D:13     | Found a gate to the Vaults.
 20460 | D:14     | You are sucked into a shaft and drop 1 floor!
 20460 | D:15     | Entered Level 15 of the Dungeon
 20573 | D:14     | Noticed Azrael
 20591 | D:14     | Killed Azrael
 20592 | D:14     | Reached skill level 5 in Shields
 20693 | D:14     | Received a gift from Trog
 21443 | D:15     | Found a staircase to the Depths.
 22666 | Snake:1  | Entered Level 1 of the Snake Pit
 23408 | Snake:2  | Reached XP level 17. HP: 105/115 MP: 15/17
 23555 | Snake:2  | Reached skill level 16 in Fighting
 24635 | Snake:3  | Reached skill level 15 in Axes
 24872 | Snake:3  | Received a gift from Trog
 25133 | Snake:3  | Found Plog's Distillery.
 25136 | Snake:3  | Found Ynen's Weapon Boutique.
 25144 | Snake:3  | Found Vupoto Cehu's General Store.
 25177 | Snake:3  | Bought a scroll of teleportation for 42 gold pieces
 25181 | Snake:3  | Bought a potion of curing for 48 gold pieces
 25181 | Snake:3  | Bought a potion of heal wounds for 80 gold pieces
 25181 | Snake:3  | Bought a potion of curing for 48 gold pieces
 25181 | Snake:3  | Bought a potion of heal wounds for 80 gold pieces
 25181 | Snake:3  | Bought a potion of heal wounds for 80 gold pieces
 25438 | Snake:4  | Entered Level 4 of the Snake Pit
 25628 | Snake:4  | HP: 5/116 [constriction (6)]
 25629 | Snake:4  | HP: 1/116 [naga warrior/+2 hand axe of freezing (3)]
 25629 | Snake:4  | Slain by a naga warrior

Illustrated notes

Levels and vault maps discovered:
D:1:      minmay_arrival_split_and_join, layout_rooms, serial_shops,
          shop_fountains
D:2:      layout_basic, basic_altar, palyth_stone_intersect,
          dreamdust_wishing_well
D:3:      minmay_octagon_keep, layout_loops_ring, solitary_fountain, uniq_robin
D:4:      layout_loops_corners, general_overflow_altar,
          nicolae_ashenzari_skybound, minmay_temple_entry_poolview,
          uniq_eustachio, uniq_pikel, uniq_sigmund, uniq_duvessa
D:5:      layout_cave_pods, gammafunk_ghost_arena,
          cheibrodos_sewer_entry_sluice, minmay_door_square
D:6:      layout_rooms, serial_corexii_hall, chequers_hall_statues_corner_a,
          corexii_hall_statues_u, chequers_hall_statues_y
D:7:      layout_layer_cave, slow_altar_1, enter_ossuary_2,
          nicolae_elevator_lobby_asterisk
D:8:      kennysheep_big_flooded_room, layout_basic,
          mainiacjoe_overflow_24_doors, gammafunk_ghost_grave
D:9:      layout_roguey, pdpol_wu_jian_five_deadly_venoms, david_orc_2,
          serial_bayou_lake_a, uniq_maggie, uniq_erolcha
D:10:     layout_cave_pools, david_lair_generic,
          minmay_guarded_unrand_staff_of_olgreb, uniq_snorg, uniq_urug
D:11:     layout_cross, nicolae_hepliaklqana_monster_ancestors, uniq_maurice
D:12:     layout_long_grid
D:13:     layout_irregular_city, ximxim_vaults_locker_room
D:14:     layout_roguey [special_room_orc], skrybe_limestone_x,
          evilmike_minifort, uniq_azrael
D:15:     gammafunk_depths_entry_grave, layout_loops_ring, st_stairs_9,
          minmay_misc_feat_iff, minivault_11, corexii_corridor_pit
Lair:1:   layout_cave_pods, serial_bayou_shore_a, grunt_megastairs_5,
          serial_bayou_shore_b, serial_bayou_shore_b,
          infiniplex_staircase_pool_2
Lair:2:   layout_gridlike, basic_altar, grunt_megastairs_1
Lair:3:   layout_long_grid, minmay_shoals_entry_hut,
          minmay_snake_entry_six_corridors, beast_lair_carwin_10
Lair:4:   layout_roguey, nicolae_slime_entry_field_trip,
          portal_ice_cave_entry_pillars_2, nicolae_volcano_entry_batcave,
          grunt_forest_stairs_clearing
Lair:5:   evilmike_catoblepas_cave, layout_cave_pods, serial_bayou_pond_a,
          cheibrodos_lair_lostbears
Snake:1:  layout_basic
Snake:2:  layout_basic, serial_bayou, serial_bayou_pond_c, serial_bayou_pond_c,
          serial_bayou_shore_b, serial_bayou_ford_a
Snake:3:  layout_misc_corridors, minmay_shop_star
Snake:4:  grunt_snake_rune_pools, layout_misc_corridors
Orc:1:    layout_caves, uniq_erica
Orc:2:    pf_orc_diabolical, layout_caves, uniq_donald

Skill      XL: |  1  2  3  4  5  6  7  8  9 10 11 12 13 14 15 16 17 |
---------------+----------------------------------------------------+-----
Axes           | 3 4 6 7 9 10 12 13 14 15 | 15.1
Fighting       | 4 5 6 7 8 9 11 12 13 14 15 16 | 16.6
Dodging        | 2 3 5 6 7 8 9 10 11 12 | 12.1
Armour         | 3 4 5 6 7 |  7.6
Stealth        | 1 2 3 4 5 6 7 |  7.3
Polearms       | 1 5 8 10 11 12 | 12.5
Shields        | 4 7 9 |  9.5
Long Blades    | |  0.8
Throwing       | |  0.9

Action                     |  1- 3 |  4- 6 |  7- 9 | 10-12 | 13-15 | 16-18 || total
---------------------------+-------+-------+-------+-------+-------+-------++-------
  Melee: Hand axe          |    93 |   149 |    88 |   170 |  1555 |  1040 ||  3095
         Punch             |       |     1 |       |     2 |    13 |       ||    16
         Halberd           |       |       |   175 |   524 |       |       ||   699
         Glaive            |       |       |       |     8 |   106 |       ||   114
         Scimitar          |       |       |       |       |       |     9 ||     9
  Throw: Dart              |       |       |     3 |     2 |     5 |     5 ||    15
 Invoke: Berserk           |       |     3 |     5 |     9 |    19 |    13 ||    49
         Trog's Hand       |       |     1 |     4 |    10 |    20 |    10 ||    45
         Brothers in Arms  |       |       |       |     2 |     7 |     2 ||    11
    Use: Scroll            |     2 |    10 |     4 |     9 |    19 |     3 ||    47
         Potion            |       |     1 |       |     2 |    18 |     7 ||    28
   Stab: Sleeping          |       |       |     3 |     4 |     9 |    10 ||    26
         Distracted        |       |       |       |       |     3 |       ||     3
 Armour: Animal skin       |    46 |    30 |    80 |       |       |       ||   156
         Scale mail        |       |    57 |       |       |       |       ||    57
         Troll leather arm |       |       |    85 |   404 |   787 |   469 ||  1745
  Dodge: Dodged            |   106 |    95 |   182 |   581 |  1229 |   662 ||  2855
  Block: Kite shield       |       |       |       |       |   257 |   561 ||   818
         Reflection        |       |       |       |       |     4 |    36 ||    40

Table legend: (Time is in decaauts)
 A = Elapsed time spent in this place.
 B = Non-inter-level travel time spent in this place.
 C = Inter-level travel time spent in this place.
 D = Time resting spent in this place.
 E = Time spent auto-exploring this place.
 F = Levels seen in this place.
 G = Mean time per level.
                   A        B        C        D        E       F      G
               +--------+--------+--------+--------+--------+-----+--------+
         Total |  25213 |  23595 |   1618 |   1061 |  15573 |  28 |  900.5 |
       Dungeon |  13535 |  12559 |    976 |    202 |   8896 |  15 |  902.3 |
          Lair |   6026 |   5565 |    461 |    337 |   3664 |   5 | 1205.2 |
     Snake Pit |   2845 |   2798 |     47 |    234 |   1664 |   4 |  711.2 |
  Orcish Mines |   2164 |   2031 |    133 |    242 |   1046 |   2 | 1082.0 |
         Sewer |    172 |    172 |      0 |      0 |     99 |   1 |  172.0 |
       Volcano |    468 |    468 |      0 |     45 |    203 |   1 |  468.0 |
               +--------+--------+--------+--------+--------+-----+--------+

Top non-repeatable levels by time:
  Lair:5: 1524 daAuts
     D:7: 1433 daAuts
   Orc:2: 1421 daAuts
  Lair:1: 1389 daAuts
     D:4: 1373 daAuts
  Lair:3: 1372 daAuts
 Snake:2: 1217 daAuts
     D:9: 1110 daAuts
    D:14: 1106 daAuts
     D:2: 1057 daAuts
  Lair:2: 991 daAuts
     D:8: 981 daAuts
     D:5: 955 daAuts
    D:15: 948 daAuts
    D:10: 864 daAuts
